DBL
NEW YORK METS @ DETROIT TIGERS
04/10/1997
 
TOP OF THE 1ST
New York Mets batting - Pitching for Detroit Tigers : RHP Kevin Gross
Pitching: RHP Kevin Gross
Batting: LHB Cliff Floyd 0-0: Ball
1-0: SOLO HOME RUN (Flyball, 9D, EV 102.5 MPH), Distance : 377 ft
Batting: LHB Tony Tarasco 0-0: Ball
1-0: Ball
2-0: SINGLE (Line Drive, 7LS, EV 111.3 MPH)
Batting: RHB Gary Sheffield 0-0: Called Strike
0-1: Ball
Wild Pitch!
Tony Tarasco to second
1-1: Ball
2-1: Ball
3-1: Base on Balls
Batting: RHB Sammy Sosa 0-0: Ball
1-0: SINGLE (Flyball, 78M, EV 99.4 MPH)
Tony Tarasco to third
Gary Sheffield to second
Batting: RHB Phil Nevin 0-0: Called Strike
0-1: Ball
1-1: Swinging Strike
1-2: Grounds into double play, 5-4-3 (Groundball, 56, EV 90.0 MPH)
Tony Tarasco scores
Gary Sheffield to third
Batting: RHB Greg Colbrunn 0-0: SINGLE (Flyball, 56D, EV 96.3 MPH)
Gary Sheffield scores
Batting: RHB Olmedo Saenz 0-0: Fielders Choice at 2nd, 6-4 (Groundball, 6, EV 89.4 MPH)
Top of the 1st over - 3 runs, 4 hits, 0 errors, 1 left on base; New York 3 - Detroit 0
BOTTOM OF THE 1ST
Detroit Tigers batting - Pitching for New York Mets : LHP Zane Smith
Pitching: LHP Zane Smith
Batting: LHB Jose R Herrera 0-0: Ground out 4-3 (Groundball, 4, EV 106.9 MPH)
Batting: RHB Howard Battle 0-0: Called Strike
0-1: Ball
1-1: Called Strike
1-2: DOUBLE (Flyball, 8LXD, EV 93.1 MPH)
Batting: RHB Shannon Stewart 0-0: Ball
1-0: Ball
2-0: Ball
3-0: Base on Balls
Batting: LHB Tino Martinez 0-0: Swinging Strike
0-1: Foul Ball, location: 2F
0-2: Ball
1-2: Ball
2-2: Fielders Choice at 2nd, 1-6 (Groundball, 34S, EV 90.0 MPH)
Howard Battle to third
Batting: RHB Russ Johnson 0-0: Foul Ball, location: 2F
0-1: Ball
1-1: Foul Ball, location: 2F
1-2: Fly out, F9 (Flyball, 9D, EV 96.3 MPH)
Bottom of the 1st over - 0 runs, 1 hit, 0 errors, 2 left on base; New York 3 - Detroit 0
TOP OF THE 2ND
New York Mets batting - Pitching for Detroit Tigers : RHP Kevin Gross
Batting: RHB Bret Boone 0-0: Fly out, F8 (Flyball, 8RS, EV 86.9 MPH)
Batting: RHB Tom Pagnozzi 0-0: SINGLE (Groundball, 56D, EV 98.8 MPH)
Batting: LHB Cliff Floyd 0-0: Ball
1-0: Fly out, F5 (Popup, 5SF, EV 84.4 MPH)
Batting: LHB Tony Tarasco 0-0: Foul Ball, location: 2F
0-1: SINGLE (Groundball, 56D, EV 100.6 MPH)
Tom Pagnozzi to second
Batting: RHB Gary Sheffield 0-0: Foul Ball, location: 2F
0-1: Ball
1-1: Ball
2-1: Ball
3-1: SINGLE (Groundball, 56S, EV 65.0 MPH) (infield hit)
Tom Pagnozzi to third
Tony Tarasco to second
Batting: RHB Sammy Sosa 0-0: Foul Ball, location: 2F
0-1: Foul Ball, location: 2F
0-2: Ball
1-2: Ball
2-2: DOUBLE (Line Drive, 78XD, EV 111.9 MPH)
Tom Pagnozzi scores
Tony Tarasco scores
Gary Sheffield to third
Runner from 3rd tries for Home, SAFE, throw by CF to trailing runner, SAFE at third!
Batting: RHB Phil Nevin 0-0: Called Strike
0-1: Called Strike
0-2: Strikes out swinging
Top of the 2nd over - 3 runs, 4 hits, 0 errors, 1 left on base; New York 6 - Detroit 0
BOTTOM OF THE 2ND
Detroit Tigers batting - Pitching for New York Mets : LHP Zane Smith
Batting: LHB Ben Grieve 0-0: Called Strike
0-1: Ball
1-1: DOUBLE (Flyball, 89D, EV 106.3 MPH)
Batting: SHB Adrian Brown 0-0: Called Strike
0-1: Foul Ball, location: 2F
0-2: Ball
1-2: Fly out, F8 (Flyball, 8LS, EV 91.9 MPH)
Batting: RHB Bill Haselman 0-0: Fly out, F8 (Flyball, 89M, EV 96.3 MPH)
Batting: RHB Shane Halter 0-0: Called Strike
0-1: Fly out, F9 (Line Drive, 9, EV 96.9 MPH)
Bottom of the 2nd over - 0 runs, 1 hit, 0 errors, 1 left on base; New York 6 - Detroit 0
TOP OF THE 3RD
New York Mets batting - Pitching for Detroit Tigers : RHP Kevin Gross
Batting: RHB Greg Colbrunn 0-0: Called Strike
0-1: Ball
1-1: Ball
2-1: SINGLE (Groundball, 6MD, EV 100.6 MPH)
Batting: RHB Olmedo Saenz 0-0: Ball
1-0: Ball
2-0: Called Strike
2-1: Called Strike
2-2: Foul Ball, location: 2F
2-2: Ball
3-2: Base on Balls
Greg Colbrunn to second
Batting: RHB Bret Boone 0-0: Swinging Strike
0-1: Ball
1-1: Swinging Strike
1-2: Strikes out swinging
Batting: RHB Tom Pagnozzi 0-0: Called Strike
0-1: DOUBLE (Line Drive, 8RD, EV 111.9 MPH)
Greg Colbrunn scores
Olmedo Saenz to third
Batting: LHB Cliff Floyd 0-0: Ball
1-0: Called Strike
1-1: Fly out, F9 (Line Drive, 9, EV 93.1 MPH)
Runner from 3rd tags up, SCORES, throw by RF
Pitching: RHP David Weathers
Batting: LHB Tony Tarasco 0-0: Called Strike
0-1: Ball
1-1: SINGLE (Flyball, 78M, EV 86.3 MPH)
Tom Pagnozzi to third
Runner from 3rd tries for Home, SAFE, throw by LF to home
Batting: RHB Gary Sheffield 0-0: Ball
Tony Tarasco steals 2nd base
1-0: Ball
2-0: Ball
3-0: Called Strike
3-1: Foul Ball, location: 2F
3-2: Fly out, F9 (Flyball, 9S, EV 86.9 MPH)
Top of the 3rd over - 3 runs, 3 hits, 0 errors, 1 left on base; New York 9 - Detroit 0
BOTTOM OF THE 3RD
Detroit Tigers batting - Pitching for New York Mets : LHP Zane Smith
Batting: LHB Jose R Herrera 0-0: Ball
1-0: Ball
2-0: Called Strike
2-1: Foul Ball, location: 2F
2-2: Foul Ball, location: 2F
2-2: Foul Ball, location: 2F
2-2: Ground out U3 (Groundball, 3L, EV 80.0 MPH)
Batting: RHB Howard Battle 0-0: Called Strike
0-1: Ground out 6-3 (Groundball, 56, EV 105.6 MPH)
Batting: RHB Shannon Stewart 0-0: Called Strike
0-1: Swinging Strike
0-2: Foul Ball, location: 2F
0-2: Ball
1-2: Fly out, F8 (Flyball, 8RM, EV 92.5 MPH)
Bottom of the 3rd over - 0 runs, 0 hits, 0 errors, 0 left on base; New York 9 - Detroit 0
TOP OF THE 4TH
New York Mets batting - Pitching for Detroit Tigers : RHP David Weathers
Batting: RHB Sammy Sosa 0-0: Ball
1-0: Fly out, F2 (Popup, 2LF, EV 90.0 MPH)
Batting: RHB Phil Nevin 0-0: Called Strike
0-1: Ball
1-1: Ball
2-1: Ball
3-1: Fly out, F8 (Flyball, 8LXD, EV 107.5 MPH)
Batting: RHB Greg Colbrunn 0-0: Ball
1-0: Ball
2-0: Ball
3-0: Base on Balls
Batting: RHB Olmedo Saenz 0-0: Foul Ball, location: 2F
0-1: Ball
1-1: SINGLE (Groundball, 6MD, EV 108.8 MPH)
Greg Colbrunn to second
Batting: RHB Bret Boone 0-0: Swinging Strike
0-1: Ball
1-1: Ball
2-1: Ball
3-1: Base on Balls
Greg Colbrunn to third
Olmedo Saenz to second
Batting: RHB Tom Pagnozzi 0-0: Ball
1-0: Ball
2-0: Fly out, F9 (Flyball, 9S, EV 85.6 MPH)
Top of the 4th over - 0 runs, 1 hit, 0 errors, 3 left on base; New York 9 - Detroit 0
BOTTOM OF THE 4TH
Detroit Tigers batting - Pitching for New York Mets : LHP Zane Smith
Batting: LHB Tino Martinez 0-0: Foul Ball, location: 2F
0-1: Ball
1-1: SINGLE (Groundball, 4D, EV 106.3 MPH)
Batting: RHB Russ Johnson 0-0: Called Strike
0-1: Ball
1-1: Ball
2-1: Ball
3-1: Foul Ball, location: 2F
3-2: Fly out, F4 (Popup, 23, EV 83.1 MPH)
Batting: LHB Ben Grieve 0-0: Ball
1-0: Ball
2-0: Ball
3-0: Swinging Strike
3-1: Swinging Strike
3-2: Strikes out looking
Tino Martinez steals 2nd base (no throw)
Batter strikes out.
Batting: SHB Adrian Brown 0-0: Ball
1-0: SINGLE (Line Drive, 6M, EV 93.8 MPH)
Tino Martinez to third
Runner from 3rd tries for Home, SAFE, throw by CF to home
Batting: RHB Bill Haselman 0-0: Fielders Choice at 2nd, 6-4 (Groundball, 6, EV 78.8 MPH)
Bottom of the 4th over - 1 run, 2 hits, 0 errors, 1 left on base; New York 9 - Detroit 1
TOP OF THE 5TH
New York Mets batting - Pitching for Detroit Tigers : RHP David Weathers
Batting: LHB Cliff Floyd 0-0: Foul Ball, location: 2F
0-1: Ball
1-1: Swinging Strike
1-2: Strikes out swinging
Batting: LHB Tony Tarasco 0-0: Called Strike
0-1: Ball
1-1: Foul Ball, location: 2F
1-2: Ball
2-2: Foul Ball, location: 2F
2-2: Ball
3-2: Base on Balls
Batting: RHB Gary Sheffield 0-0: Called Strike
0-1: Ball
1-1: Called Strike
1-2: SINGLE (Groundball, 56D, EV 102.5 MPH)
Tony Tarasco to second
Batting: RHB Sammy Sosa 0-0: Ball
Pickoff Throw to Second - Error! E1
Tony Tarasco to third
Gary Sheffield to second
1-0: Ball
2-0: Ball
3-0: Base on Balls
Batting: RHB Phil Nevin 0-0: Called Strike
0-1: Called Strike
0-2: Strikes out swinging
Batting: RHB Greg Colbrunn 0-0: Ground out 5-3 (Groundball, 5D, EV 99.4 MPH)
Top of the 5th over - 0 runs, 1 hit, 1 error, 3 left on base; New York 9 - Detroit 1
BOTTOM OF THE 5TH
Detroit Tigers batting - Pitching for New York Mets : LHP Zane Smith
Batting: RHB Shane Halter 0-0: Ball
1-0: Fly out, F2 (Popup, 23F, EV 83.8 MPH)
Batting: LHB Jose R Herrera 0-0: Ball
1-0: Ground out 4-3 (Groundball, 4, EV 96.3 MPH)
Batting: RHB Howard Battle 0-0: Ball
1-0: Foul Ball, location: 2F
1-1: Ball
2-1: Ball
3-1: Base on Balls
Batting: RHB Shannon Stewart 0-0: Ball
1-0: SINGLE (Groundball, 56D, EV 98.8 MPH)
Howard Battle to second
Batting: LHB Tino Martinez 0-0: Called Strike
0-1: Called Strike
0-2: Ball
1-2: Foul Ball, location: 2F
1-2: Ball
2-2: Ball
3-2: Foul Ball, location: 2F
3-2: Fly out, F9 (Flyball, 89M, EV 93.1 MPH)
Bottom of the 5th over - 0 runs, 1 hit, 0 errors, 2 left on base; New York 9 - Detroit 1
TOP OF THE 6TH
New York Mets batting - Pitching for Detroit Tigers : RHP David Weathers
Batting: RHB Olmedo Saenz 0-0: Called Strike
0-1: Ball
1-1: Ball
2-1: Foul Ball, location: 2F
2-2: Foul Ball, location: 2F
2-2: Fly out, F9 (Flyball, 9, EV 88.1 MPH)
Batting: RHB Bret Boone 0-0: Fly out, F4 (Popup, 4D, EV 51.3 MPH)
Batting: RHB Tom Pagnozzi 0-0: Ball
1-0: Ball
2-0: Foul Ball, location: 2F
2-1: Ball
3-1: Ground out 6-3 (Groundball, 6, EV 80.6 MPH)
Top of the 6th over - 0 runs, 0 hits, 0 errors, 0 left on base; New York 9 - Detroit 1
BOTTOM OF THE 6TH
Detroit Tigers batting - Pitching for New York Mets : LHP Zane Smith
Batting: RHB Russ Johnson 0-0: Called Strike
0-1: Ball
1-1: Ground out 6-3 (Groundball, 6, EV 85.0 MPH)
Batting: LHB Ben Grieve 0-0: Ball
1-0: Swinging Strike
1-1: Fly out, F4 (Line Drive, 4, EV 67.5 MPH)
Batting: SHB Adrian Brown 0-0: Ball
1-0: Reached via error on a dropped throw from 1B, E1 (Groundball, 34S, EV 67.5 MPH)
Batting: RHB Bill Haselman 0-0: Ball
1-0: Called Strike
1-1: Called Strike
1-2: Ball
2-2: Fielders Choice at 2nd, 6-4 (Groundball, 6, EV 88.1 MPH)
Bottom of the 6th over - 0 runs, 0 hits, 1 error, 1 left on base; New York 9 - Detroit 1
TOP OF THE 7TH
New York Mets batting - Pitching for Detroit Tigers : RHP David Weathers
Batting: LHB Cliff Floyd 0-0: Called Strike
0-1: Foul Ball, location: 2F
0-2: Ball
1-2: Ball
2-2: SINGLE (Groundball, 25, EV 70.6 MPH) (infield hit)
Pitching: LHP Larry Thomas
Batting: LHB Tony Tarasco 0-0: Called Strike
0-1: Ball
1-1: Ball
2-1: Ball
3-1: Swinging Strike
3-2: Fly out, F4 (Popup, 4S, EV 86.9 MPH)
Pinch Hitting: SHB Terry Pendleton 0-0: Fly out, F8 (Flyball, 8RD, EV 88.1 MPH)
Batting: RHB Sammy Sosa 0-0: Ball
1-0: Foul Ball, location: 2F
1-1: Foul Ball, location: 2F
1-2: Strikes out swinging
Top of the 7th over - 0 runs, 1 hit, 0 errors, 1 left on base; New York 9 - Detroit 1
BOTTOM OF THE 7TH
Detroit Tigers batting - Pitching for New York Mets : LHP Zane Smith
Now at SS: Terry Pendleton
Batting: RHB Shane Halter 0-0: Called Strike
0-1: Foul Ball, location: 2F
0-2: Ball
1-2: Ground out 6-3 (Groundball, 6, EV 90.0 MPH)
Batting: LHB Jose R Herrera 0-0: Foul Ball, location: 2F
0-1: Swinging Strike
0-2: Ball
1-2: Foul Ball, location: 2F
1-2: Ball
2-2: Fly out, F7 (Flyball, 7LD, EV 100.6 MPH)
Batting: RHB Howard Battle 0-0: Ball
1-0: Called Strike
1-1: Foul Ball, location: 2F
1-2: SINGLE (Line Drive, 34D, EV 106.9 MPH)
Batting: RHB Shannon Stewart 0-0: Called Strike
Howard Battle steals 2nd base (no throw)
0-1: Swinging Strike
0-2: Ball
1-2: Ground out 4-3 (Groundball, 4, EV 105.6 MPH)
Bottom of the 7th over - 0 runs, 1 hit, 0 errors, 1 left on base; New York 9 - Detroit 1
TOP OF THE 8TH
New York Mets batting - Pitching for Detroit Tigers : LHP Larry Thomas
Batting: RHB Phil Nevin 0-0: Called Strike
0-1: Ball
1-1: Ball
2-1: Swinging Strike
2-2: Strikes out looking
Batting: RHB Greg Colbrunn 0-0: Ground out 4-3 (Groundball, 4M, EV 78.1 MPH)
Batting: RHB Olmedo Saenz 0-0: Ball
1-0: Ball
2-0: Ball
3-0: Swinging Strike
3-1: Fly out, F9 (Flyball, 89M, EV 91.9 MPH)
Top of the 8th over - 0 runs, 0 hits, 0 errors, 0 left on base; New York 9 - Detroit 1
BOTTOM OF THE 8TH
Detroit Tigers batting - Pitching for New York Mets : LHP Zane Smith
Batting: LHB Tino Martinez 0-0: Called Strike
0-1: SINGLE (Groundball, 4D, EV 104.4 MPH)
Batting: RHB Russ Johnson 0-0: Ball
1-0: Ball
2-0: Swinging Strike
2-1: Foul Ball, location: 2F
2-2: Strikes out swinging
Batting: LHB Ben Grieve 0-0: Called Strike
0-1: Ball
1-1: Foul Ball, location: 2F
1-2: Ground out 5-3 (Groundball, 56S, EV 65.0 MPH)
Tino Martinez to second
Pitching: RHP Paul Abbott
Batting: SHB Adrian Brown 0-0: DOUBLE (Groundball, 3L, EV 100.0 MPH)
Tino Martinez scores
Batting: RHB Bill Haselman 0-0: Called Strike
0-1: Ball
1-1: Ball
2-1: Foul Ball, location: 2F
2-2: Strikes out swinging
Bottom of the 8th over - 1 run, 2 hits, 0 errors, 1 left on base; New York 9 - Detroit 2
TOP OF THE 9TH
New York Mets batting - Pitching for Detroit Tigers : LHP Larry Thomas
Batting: RHB Bret Boone 0-0: Foul Ball, location: 2F
0-1: Ball
1-1: Ball
2-1: Called Strike
2-2: Foul Ball, location: 2F
2-2: Strikes out swinging
Batting: RHB Tom Pagnozzi 0-0: Called Strike
0-1: Ball
1-1: Ball
2-1: DOUBLE (Groundball, 5L, EV 106.3 MPH)
Batting: LHB Cliff Floyd 0-0: Called Strike
0-1: Called Strike
0-2: Foul Ball, location: 2F
0-2: Strikes out looking
Batting: LHB Tony Tarasco 0-0: Ball
1-0: Called Strike
1-1: Foul Ball, location: 2F
1-2: Ball
2-2: Foul Ball, location: 2F
2-2: Ball
3-2: Base on Balls
Batting: SHB Terry Pendleton 0-0: Ball
1-0: Ball
Wild Pitch!
Tom Pagnozzi to third
Tony Tarasco to second
2-0: Called Strike
2-1: Ground out 6-3 (Groundball, 6, EV 81.9 MPH)
Top of the 9th over - 0 runs, 1 hit, 0 errors, 2 left on base; New York 9 - Detroit 2
BOTTOM OF THE 9TH
Detroit Tigers batting - Pitching for New York Mets : RHP Paul Abbott
Batting: RHB Shane Halter 0-0: Fly out, F9 (Flyball, 9S, EV 89.4 MPH)
Batting: LHB Jose R Herrera 0-0: Ball
1-0: Called Strike
1-1: Ground out U3 (Groundball, 3, EV 88.8 MPH)
Batting: RHB Howard Battle 0-0: Ball
1-0: Fly out, F6 (Popup, 6MS, EV 80.0 MPH)
Bottom of the 9th over - 0 runs, 0 hits, 0 errors, 0 left on base; New York 9 - Detroit 2
Friday, January 23rd, 2026 - OOTP Baseball 20.8 Build 74